 Dungeon Sprint DCSS version 0.19.4 (webtiles) character file.

13600000 Groucho the Intangible (level 27, -52/298 HPs)
             Began as a Deep Dwarf Assassin on Jan 31, 2017.
             Was the Champion of Makhleb.
             Annihilated by The Servant
             ... wielding a +9 glaive of flaming
              (121 damage)
             ... in the Dungeon (Sprint VIII: "Arena of Blood").
             The game lasted 00:04:05 (136 turns).

Groucho the Intangible (Deep Dwarf Assassin)         Turns: 136, Time: 00:04:05

Health: -52/298    AC:  6    Str: 18    XL:     27
Magic:  43/54      EV: 36    Int: 13    God:    Makhleb [******]
Gold:   0          SH:  0    Dex: 23    Spells: 0 memorised, 80 levels left

rFire  . . .     SeeInvis .     o - +∞ Axe of Woe
rCold  . . .     Gourm    .     c - +0 robe
rNeg   + . .     Faith    .     (shield currently unavailable)
rPois  .         Spirit   .     (no helmet)
rElec  .         Reflect  .     d - +0 cloak
rCorr  .         Harm     .     (no gloves)
MR     ++++.     NoTele   +     (no boots)
Stlth  +++++++++.               (no amulet)
                                (no ring)
                                (no ring)

@: non-regenerating
A: damage resistance, recharge devices, negative energy resistance 1, sense
surroundings 3, slow regeneration 3
a: Device Recharging, Minor Destruction, Lesser Servant of Makhleb, Major
Destruction, Greater Servant of Makhleb, Renounce Religion


You were in the Dungeon.
You worshipped Makhleb.
Makhleb was exalted by your worship.
You were not hungry.

You visited 1 branch

Inventory:

Hand Weapons
 a - a +2 dagger
 b - a +0 blowgun
 o - the +∞ Axe of Woe (weapon)
   (You found it in the Dungeon)
Missiles
 e - 8 poisoned needles
 f - 2 curare-tipped needles
Armour
 c - a +0 robe (worn)
 d - a +0 cloak (worn)
Wands
 g - a wand of heal wounds (5/9)
Scrolls
 n - a scroll of blinking
Potions
 i - a potion of curing
 j - a potion of heal wounds
 k - a potion of haste
 l - 2 potions of magic
 m - a potion of berserk rage
Comestibles
 h - a bread ration


   Skills:
 O Level 27 Fighting
 O Level 27 Short Blades
 O Level 27 Axes
 O Level 27 Throwing
 O Level 27 Armour
 O Level 27 Dodging
 O Level 27 Stealth
 O Level 27 Unarmed Combat
 O Level 27 Spellcasting
 O Level 27 Invocations
 O Level 27 Evocations


You had 80 spell levels left.
You didn't know any spells.

Dungeon Overview and Level Annotations

Branches:
Dungeon (1/1)

Altars:
Makhleb

Annotations:
D The Servant


Innate Abilities, Weirdness & Mutations

You are resistant to damage.
You can recharge devices by infusing magical energy.
You resist negative energy. (rN+)
You passively map a large area around you.
You do not regenerate.


Message History

Your body is wracked with pain!
* * * LOW HITPOINT WARNING * * *
You hit the tyrant.
You cleave the tyrant in twain.
You destroy the tyrant!
Makhleb accepts your kill.
You feel better.
The large abomination disappears in a puff of smoke!
The tentacled monstrosity disappears in a puff of smoke!
The large abomination disappears in a puff of smoke! x2
You hit the soul eater.
You butcher the soul eater messily.
You kill the soul eater!
You hear a shout! x2
The dread calls on the powers of darkness!
The meat berserker convulses!
The eight-headed meat hydra convulses!
Your body is wracked with pain!
* * * LOW HITPOINT WARNING * * *
You hear a shout! x3
The meat berserker rages.
The Servant hits you from afar with a +9 glaive of flaming!!!!
You die...

, , ,, ,, , , * ,
,..,,..... , ,* , ,
#%. .%O# ,, , , ,
,#.. .%%# . ,
,.###%. ...###... ,
,,
,,......###.%......
* , , ,*,
...%%._p%...,... ,
,, , , , #.§§))#,
.... , , #§)@)_#
..... ,, , *
,...#§p)§o#......
*, , ,,
.%.CD%@§§))......
,, ,,
%.%.§§###)§......
,* ,, ,, ,%###..
X.D###... , ,, , ,
, #.. ..WW# , C. ,
, #.,...X.# , , , ,
,,.........,, , , ,
........... ,


You could see The Servant, 2 eight-headed meat hydras, 2 fleshlords, a large bag
of meat (inner flame), 2 dreads, a meat berserker (berserk) and a bag of meat.

Vanquished Creatures
  A hell knight (D)
  8 hell beasts (D)
  4 greater mummies (D)
  5 great orbs of eyes (D)
  3 wraiths (D)
  17 vampire knights (D)
  38 ogres (D)
  8 liches (D)
  A hydra (D)
  79 orcs (D)
  8 phantoms (D)
  8 hill giants (D)
  5 skeletal warriors (D)
  A sea snake (D)
  4 large abominations (D)
  3 small abominations (D)
  10 crawling corpses (D)
203 creatures vanquished.

Vanquished Creatures (others)
  A hydra (D)
  3 orcs (D)
4 creatures vanquished.

Grand Total: 207 creatures vanquished

Notes
Turn   | Place    | Note
-------+----------+-------------------------------------------
     0 | D        | Groucho the Deep Dwarf Assassin began the quest for the Orb.
     0 | D        | Reached XP level 1. HP: 19/19 MP: 1/1
     3 | D        | Noticed a bag of meat
     3 | D        | Noticed a bag of meat
     4 | D        | Noticed a bag of meat
     5 | D        | Became a worshipper of Makhleb the Destroyer
     7 | D        | Noticed a bag of meat
     7 | D        | Noticed a bag of meat
     8 | D        | Noticed a bag of meat
     8 | D        | Noticed a bag of meat
     8 | D        | Noticed a bag of meat
    10 | D        | Killed a bag of meat
    10 | D        | Reached XP level 2. HP: 26/26 MP: 2/2
    10 | D        | Reached XP level 3. HP: 32/32 MP: 3/3
    10 | D        | Reached XP level 4. HP: 39/39 MP: 4/4
    10 | D        | Reached XP level 5. HP: 45/45 MP: 5/5
    10 | D        | Reached XP level 6. HP: 52/52 MP: 6/6
    10 | D        | Reached XP level 7. HP: 58/58 MP: 7/7
    10 | D        | Reached XP level 8. HP: 66/66 MP: 8/8
    10 | D        | Gained mutation: You passively map the area around you. [Deep Dwarf growth]
    10 | D        | Reached XP level 9. HP: 73/73 MP: 9/9
    10 | D        | Reached XP level 10. HP: 80/80 MP: 10/10
    10 | D        | Reached XP level 11. HP: 86/86 MP: 11/11
    11 | D        | Noticed a meat berserker
    11 | D        | Noticed a bag of meat
    11 | D        | Noticed a meat berserker
    11 | D        | Killed a meat berserker
    11 | D        | Reached * piety under Makhleb
    11 | D        | Reached XP level 12. HP: 21/93 MP: 12/12
    11 | D        | Reached XP level 13. HP: 23/99 MP: 13/13
    12 | D        | Noticed a bag of meat
    12 | D        | Killed a meat berserker
    12 | D        | Reached skill level 27 in Axes
    12 | D        | Reached skill level 27 in Dodging
    12 | D        | Gained mutation: You resist negative energy. (rN+) [Deep Dwarf growth]
    12 | D        | Reached XP level 14. HP: 31/135 MP: 13/24
    12 | D        | Killed a bag of meat
    12 | D        | Reached XP level 15. HP: 83/151 MP: 13/28
    14 | D        | Reached ** piety under Makhleb
    14 | D        | Reached XP level 16. HP: 153/177 MP: 13/33
    15 | D        | Reached *** piety under Makhleb
    15 | D        | Reached skill level 27 in Invocations
    17 | D        | Noticed a large bag of meat
    18 | D        | Reached XP level 17. HP: 207/207 MP: 14/34
    21 | D        | Reached **** piety under Makhleb
    21 | D        | Reached skill level 27 in Fighting
    23 | D        | Noticed a large bag of meat
    23 | D        | Noticed a destroyer
    24 | D        | Noticed a meat berserker
    25 | D        | Noticed a meat berserker
    25 | D        | Noticed a large bag of meat
    25 | D        | Killed a large bag of meat
    25 | D        | Gained mutation: You passively map a large area around you. [Deep Dwarf growth]
    25 | D        | Reached XP level 18. HP: 218/218 MP: 15/35
    27 | D        | Reached ***** piety under Makhleb
    28 | D        | Noticed a meat berserker
    29 | D        | Reached skill level 27 in Short Blades
    29 | D        | Killed a meat berserker
    29 | D        | Reached skill level 27 in Armour
    29 | D        | Reached skill level 1 in Unarmed Combat
    29 | D        | Reached XP level 19. HP: 226/226 MP: 16/36
    30 | D        | Noticed a meat berserker
    30 | D        | Killed a meat berserker
    30 | D        | Reached skill level 15 in Unarmed Combat
    30 | D        | Killed a large bag of meat
    31 | D        | Noticed a meat berserker
    31 | D        | Noticed a meat berserker
    32 | D        | Noticed a meat berserker
    32 | D        | Noticed a destroyer
    32 | D        | Killed a destroyer
    32 | D        | Reached XP level 20. HP: 236/236 MP: 17/37
    32 | D        | Reached ****** piety under Makhleb
    33 | D        | Killed a meat berserker
    33 | D        | Reached skill level 27 in Unarmed Combat
    33 | D        | Reached XP level 21. HP: 194/244 MP: 17/38
    34 | D        | Reached skill level 27 in Throwing
    34 | D        | Killed a destroyer
    35 | D        | Reached skill level 27 in Evocations
    35 | D        | Reached XP level 22. HP: 243/254 MP: 17/45
    36 | D        | Reached skill level 27 in Spellcasting
    38 | D        | Reached skill level 27 in Stealth
    38 | D        | Reached XP level 23. HP: 144/262 MP: 18/54
    41 | D        | Reached XP level 24. HP: 272/272 MP: 19/54
    42 | D        | Noticed a destroyer
    44 | D        | Reached XP level 25. HP: 280/280 MP: 19/54
    47 | D        | Noticed a destroyer
    48 | D        | Noticed a destroyer
    48 | D        | Noticed a destroyer
    48 | D        | Noticed a destroyer
    48 | D        | Killed a destroyer
    48 | D        | Reached XP level 26. HP: 290/290 MP: 20/54
    49 | D        | Noticed a destroyer
    50 | D        | Noticed a tyrant
    50 | D        | Killed a destroyer
    51 | D        | Noticed a destroyer
    51 | D        | Killed a destroyer
    51 | D        | Reached XP level 27. HP: 298/298 MP: 21/54
    52 | D        | Noticed a destroyer
    52 | D        | Killed a destroyer
    53 | D        | Noticed a tyrant
    53 | D        | Killed a destroyer
    55 | D        | Killed a destroyer
    56 | D        | Killed a destroyer
    57 | D        | Noticed a destroyer
    57 | D        | Killed a tyrant
    60 | D        | Killed a destroyer
    60 | D        | Killed a tyrant
    62 | D        | Noticed a destroyer
    62 | D        | Noticed a destroyer
    64 | D        | Noticed a destroyer
    65 | D        | Noticed a dread
    66 | D        | Noticed a tyrant
    67 | D        | Killed a destroyer
    67 | D        | Killed a dread
    69 | D        | Noticed a dread
    70 | D        | Killed a destroyer
    70 | D        | Killed a destroyer
    72 | D        | Killed a destroyer
    73 | D        | Noticed a destroyer
    76 | D        | Killed a tyrant
    76 | D        | Killed a dread
    79 | D        | Killed a destroyer
    85 | D        | Noticed a meat beast
    88 | D        | Noticed a destroyer
    88 | D        | Killed a meat beast
    89 | D        | Noticed a meat beast
    89 | D        | Noticed a meat beast
    89 | D        | Noticed an accursed
    90 | D        | Noticed a meat beast
    90 | D        | Noticed a meat beast
    90 | D        | Noticed an accursed
    91 | D        | Noticed a meat beast
    91 | D        | Noticed a meat beast
    92 | D        | Noticed a meat beast
    93 | D        | Killed a destroyer
    94 | D        | Killed a meat beast
    94 | D        | Killed a meat beast
    95 | D        | Killed a meat beast
    95 | D        | Killed a meat beast
    96 | D        | Noticed an accursed
    96 | D        | Killed a meat beast
    96 | D        | Killed a meat beast
    98 | D        | Noticed a tyrant
    98 | D        | Noticed a tyrant
    98 | D        | Killed a meat beast
   102 | D        | Noticed a tyrant
   105 | D        | Noticed an accursed
   107 | D        | Killed a tyrant
   108 | D        | Killed an accursed
   109 | D        | Killed a tyrant
   110 | D        | Noticed an accursed
   112 | D        | Noticed a destroyer
   114 | D        | Noticed a dread
   114 | D        | Killed an accursed
   114 | D        | Killed a tyrant
   116 | D        | Noticed a tyrant
   118 | D        | Noticed a dread
   118 | D        | Noticed a dread
   118 | D        | Killed a destroyer
   120 | D        | Noticed a tyrant
   126 | D        | Noticed a fleshlord
   126 | D        | Killed a tyrant
   127 | D        | Noticed The Servant
   130 | D        | Noticed a fleshlord
   130 | D        | Killed a fleshlord
   132 | D        | Killed an accursed
   133 | D        | HP: 13/298 [bag of meat/+9 war axe (28)]
   134 | D        | Killed a dread
   135 | D        | Noticed a fleshlord
   136 | D        | Killed an accursed
   136 | D        | Killed a tyrant
   136 | D        | Annihilated by The Servant

Skill      XL: |  1  2  3  4  5  6  7  8  9 10 11 12 13 14 15 16 17 18 19 20 21 22 |
---------------+-------------------------------------------------------------------+-----
Axes           | 20 25 27 | 27.0
Dodging        | 20 25 27 | 27.0
Fighting       | 11 14 20 26 27 | 27.0
Invocations    | 14 18 26 27 | 27.0
Short Blades   | 23 27 | 27.0
Armour         | 27 | 27.0
Throwing       | 2 17 25 27 | 27.0
Unarmed Combat | 1 23 27 | 27.0
Spellcasting   | 19 27 | 27.0
Evocations     | 27 | 27.0
Stealth        | 27 | 27.0

Action                   |  1- 3 |  4- 6 |  7- 9 | 10-12 | 13-15 | 16-18 | 19-21 | 22-24 | 25-27 || total
-------------------------+-------+-------+-------+-------+-------+-------+-------+-------+-------++-------
Melee: Executioner's axe |     1 |       |       |     1 |     2 |     7 |     5 |     8 |    74 ||    98
Armor: Robe              |       |       |       |       |       |       |       |       |     1 ||     1
Dodge: Dodged            |       |       |       |       |     1 |     1 |       |       |    21 ||    23
